 Dungeon Crawl Stone Soup version 0.31-a0-152-g6aa68a64a1 (webtiles) character file.

Game seed: 18253317215937405505

159 qw the Shooter (level 5, -3/49 HPs)
             Began as a Naga Hunter on June 10, 2023.
             Killed from afar by Natasha (6 damage)
             ... with a magic dart
             ... on level 3 of the Dungeon.
             The game lasted 00:00:40 (1910 turns).

qw the Shooter (Naga Hunter)                        Turns: 1910, Time: 00:00:41

Health: -3/49      AC:  3    Str: 20    XL:     5   Next: 40%
Magic:  5/5        EV:  9    Int:  9    God:
Gold:   97         SH:  0    Dex: 16    Spells: 4/4 levels left

rFire   . . .        Y - +0 shortbow (freeze)
rCold   . . .        (shield currently unavailable)
rNeg    . . .        c - +0 leather armour
rPois   +            (no helmet)
rElec   .            (no cloak)
rCorr   .            (no gloves)
SInv    +            (no barding)
Will    .....        (no amulet)
Stlth   ++           i - +6 ring of strength
HPRegen 0.28/turn    (no ring)
MPRegen 0.09/turn

%: no passive effects
@: about to teleport, very slow
A: AC +1, large, see invisible, deformed body, poison resistance, slowness 2,
spit poison 1, naga tail 1
a: Spit Poison


You were on level 3 of the Dungeon.
You visited 1 branch of the dungeon, and saw 3 of its levels.

You collected 97 gold pieces.


Innate Abilities, Weirdness & Mutations

Your serpentine skin is tough. (AC +1)
You have supernaturally acute eyesight. (SInv)
Armour fits poorly on your strangely shaped body.
Your system is resistant to poisons. (rPois)
You cover ground very slowly.
You can spit poison.
You have a snake-like lower body.


   Skills:
 - Level 3.0 Fighting
 + Level 5.5 Ranged Weapons
 - Level 1.5 Dodging
 - Level 1.5 Stealth


You had 4 spell levels left.
You didn't know any spells.
Your spell library was empty.

Inventory:

Hand Weapons
 Y - a +0 shortbow of freezing (weapon)
Armour
 c - a +0 leather armour (worn)
 k - a +0 cloak
Jewellery
 i - a +6 ring of strength (left hand)
Scrolls
 b - 3 scrolls of identify
 g - a scroll of noise {unknown}
 h - a scroll of enchant weapon {unknown}
Potions
 a - a potion of berserk rage {unknown}
 e - 2 potions of cancellation {unknown}
 f - a potion of haste {unknown}
 j - a potion of lignification {unknown}
 l - 2 potions of attraction {unknown}
 m - a potion of invisibility {unknown}

Dungeon Overview and Level Annotations

Branches:
Dungeon (3/15)

Altars:
Qazlal

Annotations:
D:2 1 runed translucent door, Crazy Yiuf
D:3 Natasha


Message History

You shoot an arrow.
The arrow hits the orc wizard but does no damage.
The orc wizard is heavily wounded.
The orc wizard hits you with a +1 dagger of pain.
You shoot an arrow. The arrow hits the orc wizard.
The arrow freezes the orc wizard.
You kill the orc wizard!
You have got your breath back.
The orc priest looks satisfied for a moment.
The orc priest casts a cantrip, but nothing happens.
1905 ||| INVOKING Spit Poison.
Aiming: Spit Poison (1% risk of failure)
Press: ? - help, Shift-Dir - straight line, f - orc priest The splash of poison hits the orc priest but does no damage.
The orc priest is poisoned.
The orc priest hits you with a +0 hand axe.
You shoot an arrow.
The arrow hits the orc priest but does no damage.
The orc priest is lightly wounded.
You shoot an arrow.
The arrow hits the orc priest but does no damage.
The orc priest is moderately wounded.
Natasha misses you.
The orc priest hits you with a +0 hand axe.
You shoot an arrow.
The arrow hits the orc priest but does no damage.
The orc priest is moderately wounded.
Natasha claws you.
The orc priest hits you with a +0 hand axe.
1909 ||| READING scroll of teleportation.
As you read the scroll of teleportation, it crumbles to dust.
You feel strangely unstable. Natasha claws you.
The orc priest closely misses you.
You shoot an arrow.
The arrow closely misses the orc priest.
You have got your breath back.
The orc priest looks more healthy.
The orc priest closely misses you.
Natasha stares at you and mumbles some strange words.
The magic dart hits you.
You die...

#. #<....#..
#........ ....
......###. ....
####...###. ..h.
####......## ...
#.....###.## #o.
#.....##....
#o########....#......
#..#@.........#......
#oho#####.......##..
##### #....####..#
#....###..##
##........##
#..######## ####


You could see an orc priest, Natasha and an orc.

Vanquished Creatures
  Jessica (D:2)
  An orc wizard (D:3)
  5 adders (D:2)
  2 dart slugs (D:1)
  2 orcs (D:3)
  5 ball pythons
  2 endoplasms
  5 giant cockroaches
  3 goblins (D:1)
  5 hobgoblins
  4 jackals (D:2)
  2 quokkas (D:2)
  6 bats
  2 frilled lizards (D:1)
  9 kobolds
  5 rats
59 creatures vanquished.

Notes
Turn   | Place    | Note
-------+----------+-------------------------------------------
     0 | D:1      | qw the Naga Hunter began the quest for the Orb.
     0 | D:1      | Reached XP level 1. HP: 19/19 MP: 1/1
     0 | D:1      | 0 ||| qw: Version: 0.2-a-122-gbc61b45
     0 | D:1      | 0 ||| qw: Game counter: 3560
     0 | D:1      | 0 ||| qw: Always use a shield: true
     0 | D:1      | 0 ||| qw: God list: Okawaru
     0 | D:1      | 0 ||| qw: Allow faded altars: false
     0 | D:1      | 0 ||| qw: Do Orc after D:15 true
     0 | D:1      | 0 ||| qw: Do second Lair branch before Depths: true
     0 | D:1      | 0 ||| qw: Lair rune preference: random
     0 | D:1      | 0 ||| qw: Plans: Normal
     0 | D:1      | 0 ||| PLANNING D:1-11
    74 | D:1      | 74 ||| INVOKING Spit Poison.
    90 | D:1      | 90 ||| INVOKING Spit Poison.
   105 | D:1      | 105 ||| INVOKING Spit Poison.
   176 | D:1      | 176 ||| INVOKING Spit Poison.
   181 | D:1      | 181 ||| INVOKING Spit Poison.
   215 | D:1      | 215 ||| INVOKING Spit Poison.
   217 | D:1      | Reached skill level 4 in Ranged Weapons
   217 | D:1      | Reached XP level 2. HP: 26/26 MP: 2/2
   219 | D:1      | 219 ||| INVOKING Spit Poison.
   236 | D:1      | 236 ||| INVOKING Spit Poison.
   267 | D:1      | 267 ||| INVOKING Spit Poison.
   289 | D:1      | 289 ||| INVOKING Spit Poison.
   322 | D:1      | 322 ||| INVOKING Spit Poison.
   323 | D:1      | 323 ||| INVOKING Spit Poison.
   366 | D:1      | 366 ||| INVOKING Spit Poison.
   370 | D:1      | 370 ||| INVOKING Spit Poison.
   374 | D:1      | 374 ||| INVOKING Spit Poison.
   378 | D:1      | 378 ||| INVOKING Spit Poison.
   381 | D:1      | Reached XP level 3. HP: 22/32 MP: 3/3
   448 | D:1      | 448 ||| INVOKING Spit Poison.
   678 | D:1      | 678 ||| INVOKING Spit Poison.
   718 | D:1      | 718 ||| READING scroll labelled ROCWEZ TICK.
   719 | D:1      | 719 ||| READING scroll labelled QUZOSHR NOGGURR.
   820 | D:1      | 820 ||| DROPPING scroll of butterflies.
   903 | D:2      | 903 ||| INVOKING Spit Poison.
   979 | D:2      | 979 ||| INVOKING Spit Poison.
   982 | D:2      | 982 ||| INVOKING Spit Poison.
   988 | D:2      | 988 ||| INVOKING Spit Poison.
  1028 | D:2      | Noticed Jessica
  1029 | D:2      | Killed Jessica
  1030 | D:2      | Reached skill level 5 in Ranged Weapons
  1030 | D:2      | Reached XP level 4. HP: 39/39 MP: 4/4
  1031 | D:2      | 1031 ||| INVOKING Spit Poison.
  1035 | D:2      | 1035 ||| INVOKING Spit Poison.
  1041 | D:2      | 1041 ||| INVOKING Spit Poison.
  1045 | D:2      | 1045 ||| INVOKING Spit Poison.
  1074 | D:2      | 1074 ||| INVOKING Spit Poison.
  1079 | D:2      | 1079 ||| INVOKING Spit Poison.
  1156 | D:2      | 1156 ||| INVOKING Spit Poison.
  1235 | D:2      | Found a stormy altar of Qazlal.
  1246 | D:2      | 1246 ||| INVOKING Spit Poison.
  1260 | D:2      | 1260 ||| INVOKING Spit Poison.
  1269 | D:2      | Found a runed translucent door.
  1270 | D:2      | Noticed Crazy Yiuf
  1308 | D:2      | 1308 ||| INVOKING Spit Poison.
  1401 | D:2      | 1401 ||| INVOKING Spit Poison.
  1468 | D:2      | 1468 ||| INVOKING Spit Poison.
  1472 | D:2      | Reached skill level 3 in Fighting
  1472 | D:2      | Reached XP level 5. HP: 49/49 MP: 5/5
  1476 | D:2      | 1476 ||| INVOKING Spit Poison.
  1481 | D:2      | 1481 ||| INVOKING Spit Poison.
  1730 | D:2      | 1730 ||| UPGRADING to +6 ring of strength.
  1731 | D:2      | 1731 ||| READING 2 scrolls labelled ZIFANY PIUWKAO.
  1732 | D:2      | 1732 ||| READING 2 scrolls labelled DAKURH VUINUF.
  1773 | D:2      | 1773 ||| READING scroll labelled HOIRAEBYISCH.
  1774 | D:2      | 1774 ||| READING scroll labelled XETTIE LEF YNEIT.
  1775 | D:2      | 1775 ||| READING scroll labelled LOT UH BIACONI.
  1801 | D:3      | 1801 ||| INVOKING Spit Poison.
  1827 | D:3      | 1827 ||| INVOKING Spit Poison.
  1894 | D:3      | 1894 ||| Stepping ~*~*~tactically~*~*~ (outnumbered).
  1896 | D:3      | 1896 ||| INVOKING Spit Poison.
  1897 | D:3      | Noticed Natasha
  1898 | D:3      | 1898 ||| Stepping ~*~*~tactically~*~*~ (outnumbered).
  1902 | D:3      | 1902 ||| INVOKING Spit Poison.
  1905 | D:3      | 1905 ||| INVOKING Spit Poison.
  1908 | D:3      | HP: 9/49 [orc priest/+0 hand axe (5)]
  1909 | D:3      | 1909 ||| READING scroll of teleportation.
  1909 | D:3      | HP: 3/49 [Natasha (6)]
  1910 | D:3      | Killed from afar by Natasha

Levels and vault maps discovered:
D:1:      ncdulo_smallfort, layout_loops_ring, corexii_corridor_pit,
          item_on_display_a
D:2:      layout_loops_ring, basic_altar, minmay_pentomino_z4,
          uniq_crazy_yiuf_cottage, uniq_jessica
D:3:      layout_rooms, minmay_pentomino_pile, uniq_grinder, uniq_sigmund,
          uniq_natasha

Skill      XL: |  1  2  3  4 |
---------------+-------------+-----
Ranged Weapons | 4 5 |  5.5
Fighting       | 3 |  3.0
Dodging        | |  1.5
Stealth        | |  1.5

Action                     |  1- 3 |  4- 6 || total
---------------------------+-------+-------++-------
   Fire: Shortbow          |    52 |    39 ||    91
Ability: Spit Poison       |    21 |    19 ||    40
    Use: Scroll            |     2 |     6 ||     8
 Armour: Leather armour    |     5 |     1 ||     6
  Dodge: Dodged            |    19 |    11 ||    30

Table legend:
 A = Non-vault XP
 B = Vault XP
 C = Vault XP percentage of total XP
 D = Non-vault monster count
 E = Vault monster count
 F = Vault count percentage of total count
                 A         B        C        D         E       F
            +---------+---------+-------+---------+---------+-------
      Total |     174 |      54 |  23.7 |      54 |       5 |   8.5
            +---------+---------+-------+---------+---------+-------
        D:1 |      46 |       0 |   0.0 |      27 |       0 |   0.0
        D:2 |      79 |      54 |  40.6 |      19 |       5 |  20.8
        D:3 |      49 |       0 |   0.0 |       8 |       0 |   0.0
            +---------+---------+-------+---------+---------+-------
